 Dungeon Crawl Stone Soup version 0.23-a0-644-gb60d84b (webtiles) character file.

750 Gorice the Conjurer (level 7, -5/46 HPs)
             Began as a Demonspawn Wanderer on Jan 1, 2019.
             Slain by Menkaure (18 damage)
             ... on level 6 of the Dungeon.
             The game lasted 00:32:55 (6829 turns).

Gorice the Conjurer (Demonspawn Wanderer)           Turns: 6829, Time: 00:32:56

Health: -5/46      AC:  4    Str: 12    XL:     7   Next: 48%
Magic:  7/14       EV: 11    Int: 18    God:
Gold:   204        SH:  0    Dex: 10    Spells: 7/16 levels left

rFire    . . .     SeeInvis .     - Unarmed
rCold    . . .     Gourm    +   (no shield)
rNeg     . . .     Faith    .   d - +0 robe
rPois    .         Spirit   .   (helmet restricted)
rElec    .         Reflect  .   t - +0 cloak
rCorr    .         Harm     .   (no gloves)
MR       .....                  q - +0 pair of boots
Stlth    +.........             o - amulet of the gourmand
HPRegen  0.15/turn              (no ring)
MPRegen  0.14/turn              (no ring)

@: no status effects
A: antennae 1, claws 2, talons 1, powered by pain 1
a: no special abilities


You were on level 6 of the Dungeon.
You were not hungry.

You visited 1 branch of the dungeon, and saw 6 of its levels.

You collected 300 gold pieces.
You spent 96 gold pieces at shops.

Inventory:

Hand Weapons
 b - a +0 hunting sling
 e - a +1 dagger of venom
   (You took it off an orc on level 4 of the Dungeon)
 w - a +0 whip
 y - the +11 whip of the Dungeon {vamp, Dex+4, unknown}
   (You found it on level 5 of the Dungeon)

   It inflicts no extra harm, but heals its wielder when it wounds a living foe.
   It affects your dexterity (+4).
Missiles
 h - 9 sling bullets
 j - 6 tomahawks (quivered)
 k - 7 javelins
 Y - 241 stones
Armour
 d - a +0 robe (worn)
 q - a +0 pair of boots (worn)
 t - a +0 cloak (worn)
Jewellery
 o - an amulet of the gourmand (around neck)
Wands
 v - a wand of iceblast (8)
Scrolls
 a - a scroll of teleportation {!r}
 g - a scroll of remove curse
Potions
 c - 2 potions of lignification {!q}
 i - a potion of mutation {!q}
 m - a potion of berserk rage
 n - 3 potions of curing
 p - 3 potions of heal wounds {!q}
 r - a potion of agility {!q}
 s - a potion of resistance {!q}
 u - 3 potions of haste {!q}
 x - a potion of flight {unknown}
Comestibles
 f - 9 rations


   Skills:
 - Level 1.0 Throwing
 - Level 1.0 Stealth
 + Level 3.1 Unarmed Combat
 - Level 5.0 Spellcasting
 + Level 6.2 Conjurations
   Level 1.0 Charms
   Level 1.0 Transmutations
 - Level 2.7 Fire Magic
 + Level 1.2 Air Magic
   Level 1.0 Earth Magic


You had 7 spell levels left.
You knew the following spells:

 Your Spells              Type           Power        Failure   Level  Hunger
a - Magic Dart            Conj           ####         1%          1    None
c - Mephitic Cloud        Conj/Pois/Air  ##......     14%         3    ##.....
f - Conjure Flame         Conj/Fire      ###.....     6%          3    ##.....
J - Blink                 Tloc           N/A          21%         2    #......

Your spell library contained the following spells:

 Spells                   Type           Power        Failure   Level  Hunger
 Sting                    Conj/Pois      ###.         3%          1    None
 Call Imp                 Summ           #.......     21%         2    #......
 Slow                     Hex            #.......     21%         2    #......


Dungeon Overview and Level Annotations

Branches:
Dungeon (6/15)
 Temple: D:4-7

Altars:
Fedhas
Qazlal
Uskayaw
Yredelemnul
Beogh

Shops:
D:4 [?(

Annotations:
D:2 Sigmund
D:3 4 runed doors, Duffy's ghost, weakling DsFE
D:4 exclusion: ogre
D:6 Menkaure


Innate Abilities, Weirdness & Mutations

You have a pair of small antennae on your head.
You have very sharp fingernails.
You have sharp toenails.
You sometimes gain a little power by taking damage.


Message History

Menkaure is lightly damaged.
Casting: Magic Dart (safe; 1% risk of failure)
Confirm with . or Enter, or press ? or * to list all spells.
Aiming: Magic Dart (safe; 1% risk of failure)
Press: ? - help, Shift-Dir - straight line, f/p - Menkaure
Aim: Menkaure (lightly damaged)
The magic dart hits Menkaure.
Menkaure is moderately damaged.
Casting: Magic Dart (safe; 1% risk of failure)
Confirm with . or Enter, or press ? or * to list all spells.
Aiming: Magic Dart (safe; 1% risk of failure)
Press: ? - help, Shift-Dir - straight line, f/p - Menkaure
Aim: Menkaure (moderately damaged)
The magic dart hits Menkaure.
Menkaure is heavily damaged.
Casting: Magic Dart (safe; 1% risk of failure)
Confirm with . or Enter, or press ? or * to list all spells.
Aiming: Magic Dart (safe; 1% risk of failure)
Press: ? - help, Shift-Dir - straight line, f/p - Menkaure
Aim: Menkaure (heavily damaged)
The magic dart hits Menkaure.
Menkaure is heavily damaged.
Menkaure hits you but does no damage.
Casting: Magic Dart (safe; 1% risk of failure)
Confirm with . or Enter, or press ? or * to list all spells.
Aiming: Magic Dart (safe; 1% risk of failure)
Press: ? - help, Shift-Dir - straight line, f/p - Menkaure
Aim: Menkaure (heavily damaged)
The magic dart hits Menkaure.
Menkaure is heavily damaged.
Menkaure closely misses you.
Casting: Magic Dart (safe; 1% risk of failure)
Confirm with . or Enter, or press ? or * to list all spells.
Aiming: Magic Dart (safe; 1% risk of failure)
Press: ? - help, Shift-Dir - straight line, f/p - Menkaure
Aim: Menkaure (heavily damaged)
The magic dart hits Menkaure.
Menkaure is severely damaged.
Menkaure hits you!
* * * LOW HITPOINT WARNING * * *
Damage: 12 (max 22)
Casting: Magic Dart (safe; 1% risk of failure)
Confirm with . or Enter, or press ? or * to list all spells.
Aiming: Magic Dart (safe; 1% risk of failure)
Press: ? - help, Shift-Dir - straight line, f/p - Menkaure
Aim: Menkaure (severely damaged)
The magic dart hits Menkaure.
Menkaure is severely damaged.
Menkaure hits you!!
You die...

#.....?#..##
......#...
#..## ......
...... #..#
...##..##..# ##
.#.........# .
......###.##.#
........>M##.#
.#........@).#
###..#....#.#
.....#....#.#
.............##
.....#........#
.... #.#......#
.... #........#
####.#.#.#
#.#...#


You could see Menkaure.

Vanquished Creatures
  A sky beast (D:5)
  A bullfrog (D:5)
  A bullfrog skeleton (D:5)
  An orc priest (D:4)
  A centaur skeleton (D:3)
  2 hounds
  An orc wizard (D:4)
  Natasha (thrice) (D:2)
  3 worker ants
  Ijyb (D:3)
  A killer bee zombie (D:5)
  A hound skeleton (D:4)
  Robin (D:1)
  6 gnolls
  3 adders
  A shadow imp (D:4)
  A worm (D:2)
  5 dart slugs
  3 leopard geckos
  22 orcs
  4 giant cockroaches
  13 goblins
  5 hobgoblins
  A quokka (D:5)
  3 bats
  2 frilled lizards
  5 kobolds
  A quokka skeleton (D:4)
  9 rats
102 creatures vanquished.

Notes
Turn   | Place    | Note
-------+----------+-------------------------------------------
     0 | D:1      | Gorice the Demonspawn Wanderer began the quest for the Orb.
     0 | D:1      | Gorice set off with the following items: a potion of
                  | lignification {!q}, a +0 robe, a +0 club, a ration; and the
                  | following spells available to memorise: Magic Dart, Sting,
                  | Blink, Call Imp, Slow, Conjure Flame, Mephitic Cloud
     0 | D:1      | Reached XP level 1. HP: 13/13 MP: 6/6
     2 | D:1      | Learned a level 1 spell: Magic Dart
   251 | D:1      | Reached skill level 1 in Conjurations
   960 | D:1      | Gained mutation: You have sharp fingernails. [demonic
                  | ancestry]
   960 | D:1      | Reached XP level 2. HP: 16/19 MP: 2/8
  1169 | D:1      | Reached skill level 2 in Conjurations
  1226 | D:2      | Noticed Robin
  1285 | D:2      | Noticed Sigmund
  1536 | D:2      | Gained mutation: You have sharp toenails. [demonic
                  | ancestry]
  1536 | D:2      | Reached XP level 3. HP: 24/24 MP: 1/9
  1930 | D:1      | Reached skill level 3 in Conjurations
  2345 | D:1      | Killed Robin
  2687 | D:2      | Gained mutation: You sometimes gain a little power by
                  | taking damage. [demonic ancestry]
  2687 | D:2      | Reached XP level 4. HP: 30/30 MP: 4/11
  2847 | D:2      | Noticed Natasha
  2852 | D:2      | Killed Natasha
  2852 | D:2      | Reached skill level 4 in Conjurations
  2935 | D:2      | Noticed Natasha
  2941 | D:2      | Killed Natasha
  3009 | D:2      | Noticed Natasha
  3016 | D:2      | Killed Natasha
  3016 | D:2      | Gained mutation: You have very sharp fingernails. [demonic
                  | ancestry]
  3016 | D:2      | Reached XP level 5. HP: 30/35 MP: 5/12
  3487 | D:3      | Reached skill level 5 in Conjurations
  3492 | D:3      | Learned a level 3 spell: Conjure Flame
  3495 | D:3      | Learned a level 2 spell: Blink
  3849 | D:3      | Found a runed gate.
  3849 | D:3      | Noticed Duffy's ghost (weakling DsFE)
  3850 | D:3      | Found a runed gate.
  3850 | D:3      | Identified the +2 spear "Cizom" {pierce, +Rage Str+2 Int+2
                  | Dex-4}
  3851 | D:3      | Found a runed gate.
  3877 | D:3      | Noticed Ijyb
  3887 | D:3      | Killed Ijyb
  3887 | D:3      | Reached skill level 1 in Unarmed Combat
  3888 | D:3      | Found a stormy altar of Qazlal.
  4096 | D:3      | Found a runed door.
  4169 | D:3      | Reached skill level 1 in Fire Magic
  4272 | D:3      | Found a roughly hewn altar of Beogh.
  4334 | D:4      | Gained mutation: You have a pair of small antennae on your
                  | head. [demonic ancestry]
  4334 | D:4      | Reached XP level 6. HP: 41/41 MP: 9/13
  4369 | D:4      | Found Doipn's Magic Scroll Emporium.
  4374 | D:4      | Bought a scroll of identify for 24 gold pieces
  4374 | D:4      | Bought a scroll of identify for 24 gold pieces
  4374 | D:4      | Bought a scroll of identify for 24 gold pieces
  4374 | D:4      | Bought a scroll of identify for 24 gold pieces
  4432 | D:4      | Found Kaupni's Antique Weapon Emporium.
  4566 | D:4      | Found a blossoming altar of Fedhas.
  4566 | D:4      | Found a basalt altar of Yredelemnul.
  4949 | D:4      | Got an iridescent dagger
  5153 | D:4      | Found Kus Nikeu's Armour Emporium.
  5266 | D:4      | Reached skill level 2 in Unarmed Combat
  5266 | D:4      | Reached skill level 2 in Fire Magic
  5361 | D:4      | HP: 12/41 [poisoned by a worker ant]
  5369 | D:4      | HP: 11/41 [poisoned by a worker ant]
  5663 | D:5      | Entered Level 5 of the Dungeon
  6160 | D:5      | Reached XP level 7. HP: 46/46 MP: 6/14
  6178 | D:5      | Got a steaming whip
  6195 | D:5      | Identified the cursed +1 dagger of Bloody Death {pierce,
                  | Str+4} (You found it on level 4 of the Dungeon)
  6226 | D:5      | Reached skill level 6 in Conjurations
  6310 | D:5      | Learned a level 3 spell: Mephitic Cloud
  6450 | D:5      | Found a hide-covered altar of Uskayaw.
  6531 | D:5      | Reached skill level 3 in Unarmed Combat
  6531 | D:5      | Reached skill level 1 in Air Magic
  6817 | D:6      | Noticed Menkaure
  6828 | D:6      | HP: 13/46 [Menkaure (12)]
  6829 | D:6      | Slain by Menkaure

Vault maps used:
D:1:      saegor_arrival_simple_d, roderic_lattice_a, minmay_misc_feat_alley
D:2:      minivault_14, uniq_natasha, uniq_robin, uniq_sigmund
D:3:      biasface_ghost_orc_armoury, grunt_qazlal_sundering,
          uniq_crazy_yiuf_cottage, uniq_ijyb
D:4:      gammafunk_temple_overflow_statue, serial_shops, shop, shop_statue,
          nicolae_shop_waterfront, first_ration
D:5:      lemuel_doored_altar
D:6:      uniq_menkaure

Skill      XL: |  1  2  3  4  5  6  7 |
---------------+----------------------+-----
Conjurations   | 1 2 3 4 5 6 |  6.2
Unarmed Combat | 1 2 3 |  3.1
Fire Magic     | 1 2 |  2.7
Air Magic      | 1 |  1.2
Throwing       | |  1.0
Stealth        | |  1.0
Spellcasting   | |  5.0
Charms         | |  1.0
Transmutations | |  1.0
Earth Magic    | |  1.0

Action                   |  1- 3 |  4- 6 |  7- 9 || total
-------------------------+-------+-------+-------++-------
Melee: Club              |     8 |       |       ||     8
       Whip              |    17 |     2 |       ||    19
       Kick              |     3 |     6 |       ||     9
       Unarmed           |       |    55 |     2 ||    57
 Cast: Magic Dart        |   101 |   191 |    42 ||   334
       Conjure Flame     |       |       |     2 ||     2
  Use: Scroll            |     2 |    10 |     2 ||    14
  Eat: Chunk             |     5 |    11 |     4 ||    20
Armor: Robe              |    10 |    14 |     6 ||    30
Dodge: Dodged            |    52 |    57 |     6 ||   115

Table legend:
 A = Non-vault XP
 B = Vault XP
 C = Vault XP percentage of total XP
 D = Non-vault monster count
 E = Vault monster count
 F = Vault count percentage of total count
                 A         B        C        D         E       F
            +---------+---------+-------+---------+---------+-------
      Total |     965 |     107 |  10.0 |      88 |      14 |  13.7
            +---------+---------+-------+---------+---------+-------
        D:1 |      23 |      36 |  61.0 |      14 |      12 |  46.2
        D:2 |     118 |      36 |  23.4 |      21 |       1 |   4.5
        D:3 |     114 |      35 |  23.5 |      17 |       1 |   5.6
        D:4 |     285 |       0 |   0.0 |      17 |       0 |   0.0
        D:5 |     392 |       0 |   0.0 |      18 |       0 |   0.0
        D:6 |      33 |       0 |   0.0 |       1 |       0 |   0.0
            +---------+---------+-------+---------+---------+-------

Table legend:
 A = Turns spent in this place as a percentage of turns spent in the entire game.
 B = Non-inter-level travel turns spent in this place as a percentage of non-inter-level travel turns spent in the entire game.
 C = Inter-level travel turns spent in this place as a percentage of turns spent in this place.
 D = Turns resting spent in this place as a percentage of non-inter-level travel turns spent in this place.
 E = Turns spent auto-exploring this place as a percentage of non-inter-level travel turns spent in this place.
 F = Non-inter-level travel turns spent in this place divided by the number of levels of this place that you've seen.
                   A       B       C       D       E      F
               +-------+-------+-------+-------+-------+----------------------
         Total | 100.0 | 100.0 |   3.8 |  42.2 |  34.8 | 1095.3
       Dungeon | 100.0 | 100.0 |   3.8 |  42.2 |  34.8 | 1095.3
               +-------+-------+-------+-------+-------+----------------------

Vault maps used:
D:1:      saegor_arrival_simple_d, roderic_lattice_a, minmay_misc_feat_alley
D:2:      minivault_14, uniq_natasha, uniq_robin, uniq_sigmund
D:3:      biasface_ghost_orc_armoury, grunt_qazlal_sundering,
          uniq_crazy_yiuf_cottage, uniq_ijyb
D:4:      gammafunk_temple_overflow_statue, serial_shops, shop, shop_statue,
          nicolae_shop_waterfront, first_ration
D:5:      lemuel_doored_altar
D:6:      uniq_menkaure
